 Dungeon Crawl Stone Soup version 0.31-a0-931-g7b59d4eb97 (webtiles) character file.

Game seed: 6468806249015359032

550809 Ahpoh the Barachian Barricade (level 26, -2/220 HPs)
             Began as a Barachi Fighter on Oct 17, 2023.
             Was a High Priest of Cheibriados.
             Killed from afar by a red draconian scorcher (41 damage)
             ... with damnation
             ... on level 2 of the Realm of Zot on Oct 19, 2023.
             The game lasted 06:06:38 (60693 turns).

Ahpoh the Barachian Barricade (Barachi Fighter)    Turns: 60693, Time: 06:06:38

Health: -2/220     AC: 33    Str: 50    XL:     26   Next: 30%
Magic:  37/37      EV: 37    Int: 23    God:    Cheibriados [*****.]
Gold:   6565       SH: 42    Dex: 49    Spells: 25/25 levels left

rFire   . . .        D - +5 falchion "Killer Bee's Foe" {heavy, rC+ Dex+6}
rCold   + + .        K - +2 tower shield {rC+}
rNeg    + + .        t - +3 plate armour {rN+}
rPois   +            Y - +2 helmet of Heresy {-Cast Str+6}
rElec   .            Z - scarf {repulsion}
rCorr   +            E - +2 pair of gloves of Xoqubb {rCorr Str+3}
SInv    +            S - +2 pair of boots {Fly}
Will    +....        e - amulet of Kiwuoz {Reflect rPois SH+5} Stlth
                     C - ring "Poophira" {Dex+5 SInv}
HPRegen 0.56/turn    k - ring of Angycvar {rN+ Str+6 Dex+6}
MPRegen 0.25/turn

%: no spellcasting, repel missiles, reflection
@: unable to hop, flying, very slow
A: amphibious, slowness 1, strong legs 2, +LOS, clumsy 1, high MP 1,
teleportitis 1
}: 3/15 runes: barnacled, silver, gossamer
a: Hop, Renounce Religion, Bend Time, Temporal Distortion, Slouch, Step From
Time


You were on level 2 of the Realm of Zot.
You worshipped Cheibriados.
Cheibriados was extremely pleased with you.
You visited 9 branches of the dungeon, and saw 44 of its levels.
You also visited: Bailey, Ice Cave and Wizlab.

You collected 7790 gold pieces.
You spent 1225 gold pieces at shops.

Inventory:

Hand Weapons
 a - a +9 long sword of flaming
 c - the +9 flail "Hiefewk" {flame, *Rage rPois rN+++ Will+}
   (You found it on level 4 of the Dungeon)

   rPois:     It protects you from poison rN+++: It renders you almost immune to
   negative energy.
   Will+:     It increases your willpower.
   *Rage:     It berserks you when you make melee attacks (+20% chance).
 x - a +4 demon trident of freezing
 D - the +5 falchion "Killer Bee's Foe" (weapon) {heavy, rC+ Dex+6}
   (You found it on level 5 of the Dungeon)

   Dex+6:     It affects your dexterity (+6).
   rC+:       It protects you from cold.
Missiles
 l - 49 poisoned darts (quivered)
 H - 16 atropa-tipped darts
 R - 4 throwing nets
Armour
 r - the +4 skin of Zhor {*Englaciate rC+++ SInv}
   (You found it in an ice cave)

   *Englaciate: It radiates cold, occasionally slowing all nearby creatures who
   are not resistant to cold.
   rC+++:     It renders you almost immune to cold.
   SInv:      It lets you see invisible.
 t - a +3 plate armour of positive energy (worn)
 E - the +2 pair of gloves of Xoqubb (worn) {rCorr Str+3}
   (You found it on level 4 of the Spider Nest)

   Str+3:     It affects your strength (+3).
   rCorr:     It protects you from acid and corrosion.
 K - a +2 tower shield of cold resistance (worn)
 S - a +2 pair of boots of flying (worn)
 Y - the +2 helmet of Heresy (worn) {-Cast Str+6}
   (You found it on level 12 of the Dungeon)

   Str+6:     It affects your strength (+6).
   -Cast:     It prevents spellcasting.
 Z - a scarf of repulsion (worn)
Jewellery
 e - the amulet of Kiwuoz (around neck) {Reflect rPois SH+5}
   (You bought it in a shop on level 2 of the Shoals)

   [amulet of reflection]

   Reflect:   It reflects blocked missile attacks.
   rPois:     It protects you from poison SH+5: It affects your SH (+5).
 g - an amulet of guardian spirit
 k - the ring of Angycvar (right hand) {rN+ Str+6 Dex+6}
   (You found it in an ice cave)

   [ring of dexterity]

   Str+6:     It affects your strength (+6).
   Dex+6:     It affects your dexterity (+6).
   rN+:       It protects you from negative energy.
 u - a +5 ring of evasion
 C - the ring "Poophira" (left hand) {Dex+5 SInv}
   (You took it off a deep elf pyromancer on level 3 of the Elven Halls)

   [ring of see invisible]

   Dex+5:     It affects your dexterity (+5).
   SInv:      It lets you see invisible.
 L - a ring of protection from cold
Talismans
 M - a talisman of death
Wands
 v - a wand of light (13)
 A - a wand of flame (68)
 I - a wand of charming (24)
 O - a wand of digging (15)
 Q - a wand of polymorph (36)
 U - a wand of mindburst (12)
 X - a wand of iceblast (30)
Scrolls
 b - 4 scrolls of blinking
 f - 7 scrolls of brand weapon
 j - 8 scrolls of revelation
 m - 2 scrolls of fog
 o - 8 scrolls of fear
 p - 7 scrolls of noise
 w - 11 scrolls of teleportation
 y - 2 scrolls of silence
 B - 2 scrolls of enchant weapon
 G - a scroll of summoning
 N - 4 scrolls of immolation
 P - 3 scrolls of poison
Potions
 d - 3 potions of magic
 i - 5 potions of lignification
 n - a potion of berserk rage
 s - 9 potions of ambrosia
 z - 4 potions of attraction
 F - 5 potions of enlightenment
 J - 14 potions of curing
 T - 2 potions of invisibility
 V - 2 potions of resistance
 W - 2 potions of cancellation
Miscellaneous
 h - a tin of tremorstones (2/2)
 q - a phial of floods


   Skills:
 * Level 20.9 Fighting
 * Level 22.5 Long Blades
 + Level 7.3 Throwing
 * Level 20.1 Armour
 * Level 16.3 Dodging
 - Level 1.7 Stealth
 O Level 27 Shields
 - Level 0.1 Conjurations
 - Level 0.4 Transmutations
 - Level 0.2 Air Magic
 - Level 0.3 Poison Magic
 * Level 14.9 Invocations
 * Level 12.8 Evocations


You had 25 spell levels left.
You didn't know any spells.
Your spell library contained the following spells:

 Spells                   Type           Power      Damage    Failure   Level
 Apportation              Tloc           0%         N/A       36%         1
 Foxfire                  Conj/Fire      0%         2x1d4     36%         1
 Necrotise                Necr           0%         1d4       36%         1
 Slow                     Hex            0%         N/A       36%         1
 Summon Small Mammal      Summ           0%         N/A       36%         1
 Wereblood                Tmut           1%         N/A       43%         2
 Cigotuvi's Dreadful Rot  Necr/Pois/Air  0%         N/A       45%         2
 Poisonous Vapours        Pois/Air       2%         N/A       45%         2
 Static Discharge         Conj/Air       0%         2-2/arc   45%         2
 Blink                    Tloc           0%         N/A       50%         2
 Ensorcelled Hibernation  Hex/Ice        0%         N/A       50%         2
 Jinxbite                 Hex            0%         N/A       50%         2
 Lesser Beckoning         Tloc           0%         N/A       50%         2
 Momentum Strike          Conj/Tloc      0%         3d8       50%         2
 Scorch                   Fire           0%         2d5       50%         2
 Sublimation of Blood     Necr           0%         N/A       50%         2
 Ignite Poison            Fire/Tmut/Pois 1%         N/A       69%         3
 Mephitic Cloud           Conj/Pois/Air  1%         N/A       71%         3
 Confusing Touch          Hex            0%         N/A       73%         3
 Dazzling Flash           Conj/Hex       0%         N/A       73%         3
 Frozen Ramparts          Ice            0%         1d1       73%         3
 Gell's Gravitas          Tloc           0%         N/A       73%         3
 Hailstorm                Conj/Ice       0%         3d3       73%         3
 Inner Flame              Hex/Fire       0%         N/A       73%         3
 Sigil of Binding         Hex            0%         N/A       73%         3
 Summon Guardian Golem    Hex/Summ       0%         N/A       73%         3
 Teleport Other           Tloc           0%         N/A       73%         3
 Tukima's Dance           Hex            0%         N/A       73%         3
 Vampiric Draining        Necr           0%         2d6       73%         3
 Volatile Blastmotes      Fire/Tloc      0%         2d10      73%         3
 Olgreb's Toxic Radiance  Pois           1%         N/A       97%         4
 Anguish                  Hex/Necr       0%         N/A       98%         4
 Animate Dead             Necr           0%         N/A       98%         4
 Brom's Barrelling Bould  Conj/Erth      0%         2d3       98%         4
 Dispel Undead            Necr           0%         3d6       98%         4
 Flame Wave               Conj/Fire      0%         2d4       98%         4
 Fulminant Prism          Conj/Hex       0%         3d5       98%         4
 Iskenderun's Mystic Bla  Conj/Tloc      0%         2d3       98%         4
 Leda's Liquefaction      Hex/Erth       0%         N/A       98%         4
 Passage of Golubria      Tloc           0%         N/A       98%         4
 Sticky Flame             Conj/Fire      0%         2d3       98%         4
 Summon Ice Beast         Ice/Summ       0%         N/A       98%         4
 Vhi's Electric Charge    Tloc/Air       0%         N/A       98%         4
 Agony                    Necr           0%         N/A       100%        5
 Alistair's Intoxication  Tmut/Pois      0%         N/A       100%        5
 Arcjolt                  Conj/Air       0%         1d10      100%        5
 Borgnjor's Vile Clutch   Necr/Erth      0%         N/A       100%        5
 Fireball                 Conj/Fire      0%         3d3       100%        5
 Freezing Cloud           Conj/Ice/Air   0%         6-21      100%        5
 Iskenderun's Battlesphe  Conj           0%         2d6       100%        5
 Lee's Rapid Deconstruct  Erth           0%         3d4*      100%        5
 Metabolic Englaciation   Hex/Ice        0%         N/A       100%        5
 Summon Forest            Summ/Tloc      0%         N/A       100%        5
 Yara's Violent Unravell  Hex/Tmut       0%         3d3       100%        5
 Bombard                  Conj/Erth      0%         9d1       100%        6
 Conjure Ball Lightning   Conj/Air       0%         3x3d6     100%        6
 Death Channel            Necr           0%         N/A       100%        6
 Dispersal                Tloc           0%         N/A       100%        6
 Plasma Beam              Fire/Air       0%         2x1d10    100%        6
 Simulacrum               Ice/Necr       0%         N/A       100%        6
 Starburst                Conj/Fire      0%         6d3       100%        6
 Summon Cactus Giant      Summ           0%         N/A       100%        6
 Enfeeble                 Hex            0%         N/A       100%        7
 Haunt                    Necr/Summ      0%         N/A       100%        7
 Orb of Destruction       Conj           0%         9d5       100%        7
 Ozocubu's Refrigeration  Ice            0%         4d7       100%        7
 Spellforged Servitor     Conj/Summ      0%         N/A       100%        7
 Summon Hydra             Summ           0%         N/A       100%        7
 Borgnjor's Revivificati  Necr           0%         N/A       100%        8
 Discord                  Hex            0%         N/A       100%        8
 Ignition                 Fire           0%         3d3       100%        8
 Lehudib's Crystal Spear  Conj/Erth      0%         10d2      100%        8
 Maxwell's Capacitive Co  Air            0%         ∞         100%        8
 Death's Door             Necr           0%         N/A       100%        9
 Fire Storm               Conj/Fire      0%         5d1       100%        9
 Polar Vortex             Ice            0%         N/A       100%        9


Dungeon Overview and Level Annotations

Branches:
Dungeon (15/15)            Temple (0/1) D:4            Lair (5/5) D:10
 Shoals (4/4) Lair:3       Spider (4/4) Lair:3        Slime (0/5) Lair:5
    Orc (2/2) D:9             Elf (3/3) Orc:2        Vaults (5/5) D:14
  Crypt (0/3) Vaults:3     Depths (4/4) D:15            Zot (2/5) Depths:4
 Bailey (visited)           IceCv (visited)          WizLab (visited)

Altars:
Cheibriados
Elyvilon
Gozag
Okawaru
Sif Muna
Xom
The Shining One
Jiyva

Shops:
D:3 :   D:9 ::[   D:10 *   Orc:2 ***:   Elf:2 (   Shoals:2 =   Shoals:3 :
Vaults:1 !   Vaults:3 *   Vaults:4 [?(==   Depths:1 =::=

Portals:
Hell: Depths:1 Depths:2 Depths:3 Depths:4
Abyss: Depths:3 Depths:4
Pandemonium: Depths:2 Depths:4
Ziggurat: Depths:3

Annotations:
D:7 Jeremiah
D:15 3 runed translucent doors
Vaults:3 2 transporters, tabstorm's ghost, adept DrIE


Innate Abilities, Weirdness & Mutations

You are amphibious.
You cover ground slowly.
You can hop long distances.
You have an extended range of vision and can be seen from far away.
You are clumsy. (Dex -2)
You have an increased reservoir of magic. (+10% MP)
You are occasionally teleported next to monsters.


Message History

The red draconian scorcher points at you and mumbles some strange words.
The sphere of damnation explodes!
The damnation engulfs you!!
* * * LOW HITPOINT WARNING * * *
Found 12 gold pieces.
As you read the scroll of revelation, it crumbles to dust.
You feel aware of your surroundings.
The red draconian scorcher breathes fire at you.
The searing blast misses you.
The purple draconian breathes dispelling energy at you.
The bolt of dispelling energy misses you.
Blink to where?
Press: ? - help, Q - select action, (/) - cycle Dir - move target
As you read the scroll of blinking, it crumbles to dust.
The green draconian breathes poison at you.
The blast of poison misses you.
Blink to where?
Press: ? - help, Q - select action, (/) - cycle Dir - move target
As you read the scroll of blinking, it crumbles to dust.
The flow of time bends around you.
Okay, then.
The red draconian scorcher breathes fire at you.
The searing blast misses you.
Okay, then.
Read: 10 scrolls of fear
Press: ? - help, Q - select action, (/) - cycle Dir - look around, f - activate Look: a red draconian scorcher, wielding a +0 short sword and wearing a +0 cloak (lightly wounded, poisoned, catching its breath, chance to affect: 90%)
As you read the scroll of fear, it crumbles to dust.
You assume a fearsome visage.
The red draconian scorcher looks frightened!
Read: 9 scrolls of fear
Press: ? - help, Q - select action, (/) - cycle Dir - look around, f - activate Look: a green draconian, wielding a +0 long sword (chance to affect: 90%)
As you read the scroll of fear, it crumbles to dust.
You assume a fearsome visage.
The green draconian looks frightened!
The red draconian scorcher seems to regain its courage.
The red draconian scorcher looks more healthy.
The red draconian scorcher points at you and mumbles some strange words.
The sphere of damnation explodes!
The damnation engulfs you!!!
You die...

# #.# #..##.# *..####......
###.# #..##.# *...,.'.~~~~~
.##.# #..##.# *,,**##.~~≈≈~
.##.#######..##.# *,,* #.~≈≈≈~
.##..........##.# *,,* #?~≈~≈~
'#####'########.###**,,* #.~~~~~
########..# #.#...,,,,,* #......
#.#).####.###.##.#****** #......
....#.##.#.##.##@####### ##'####
."...###.##.#.'........# #.#
.[.####..#..#.##.#####.# #.#
#.####.#..##..##q# #.# #.#
#####..#####..##.#####.### #.###
####..## *######.dd......###...#
##...#####≈#########.#.........#
#..#####≈§≈#########.#.#.#####.#
#.####≈#≈#§§########.#.#.#####.#


You could see a purple draconian and a red draconian scorcher.

Vanquished Creatures
  A dread lich (Vaults:5)
  An ancient lich (Vaults:5)
  Mara (Shoals:4)
  Boris (twice) (Vaults:3 Vaults:4)
  Vv (Depths:3)
  Saint Roka (Vaults:3)
  8 caustic shrikes (Depths:4)
  7 golden dragons
  Nikola (Elf:1)
  Norris (Vaults:4)
  Arachne (Spider:3)
  A Tzitzimitl (Depths:3)
  A bone dragon (Depths:4)
  The ghost of Meic the Bludgeoner, an adept MiFi of Okawaru (Shoals:3)
  An Ice Fiend (IceCv)
  12 tentacled monstrosities
  The ghost of D12ThenQuit the Black Belt, an adept OpFi of Okawaru (Elf:2)
  4 liches
  4 quicksilver dragons
  2 titans (Vaults:4)
  A deep elf blademaster (Elf:3)
  Asterion (Spider:3)
  2 deep elf master archers (Elf:3)
  Polyphemus (Shoals:3)
  2 sphinxes
  4 death cobs
  12 tengu reavers
  9 shadow dragons
  2 ancient champions (WizLab)
  7 storm dragons
  Aizul (Vaults:4)
  Roxanne (D:15)
  6 revenants (WizLab)
  5 draconian monks
  6 fire giants
  2 iron dragons
  3 draconian knights (Zot:1)
  4 draconian shifters
  11 frost giants
  8 spectral caustic shrikes
  3 emperor scorpions (Spider:4)
  4 deep elf elementalists (Elf:3)
  Louise (Shoals:1)
  5 deep elf sorcerers
  12 vault wardens
  6 draconian stormcallers
  The ghost of Forgeling the Cleaver, a journeyman FoFi of Ashenzari (Lair:4)
  3 war gargoyles
  3 ghost moths (Spider:4)
  2 draconian scorchers (Zot:1)
  16 ironbound preservers
  24 very ugly things
  3 spectral juggernauts (Depths:3)
  19 stone giants
  3 orc warlords
  A broodmother (Spider:2)
  6 ironbound thunderhulks
  5 black draconians
  7 yellow draconians
  Nessos (D:15)
  5 green draconians
  8 vampire knights
  9 deep elf demonologists
  A spectral titan (Depths:3)
  6 deep elf annihilators
  7 purple draconians
  3 halazid warlocks (WizLab)
  6 red draconians
  5 dire elephants
  6 white draconians
  3 spark wasps
  5 eidola
  9 fire dragons
  11 ettins
  13 yaktaur captains
  3 crystal guardians
  2 merfolk javelineers
  7 jiangshi
  10 merfolk impalers
  29 vault guards
  9 entropy weavers
  12 deep elf death magi
  A spectral golden dragon (Depths:3)
  5 rakshasas (Depths:1)
  7 deep elf high priests
  2 spectral shadow dragons (Depths:3)
  3 spectral spriggans (Depths:3)
  A hell beast (Depths:4)
  4 spectral tengu (Depths:3)
  4 hydras
  2 caustic shrike simulacra
  A radroach (Spider:3)
  7 ice dragons
  A juggernaut simulacrum (Depths:3)
  Fannar (D:11)
  9 great orbs of eyes
  A spectral sphinx (Depths:3)
  2 catoblepae
  2 merfolk avatars
  8 ironbound frosthearts
  3 jorogumos
  2 merfolk aquamancers (Shoals:4)
  5 spriggan air magi
  An alligator snapping turtle (Shoals:1)
  5 ogre magi
  A spectral frost giant (Depths:3)
  6 boulder beetles
  4 peacekeepers
  17 centaur warriors
  2 spectral fire giants (Depths:3)
  23 two-headed ogres
  3 satyrs
  2 death yaks (Shoals:3)
  7 deep troll earth magi
  28 dancing weapons
  2 deep troll shamans
  A death yak (shapeshifter) (Vaults:5)
  10 spriggan berserkers
  4 vampire magi
  8 demonic crawlers
  4 tengu warriors
  2 spectral storm dragons (Depths:3)
  3 hell knights (Depths:1)
  A sixfirhy (Depths:4)
  A soul eater (Depths:3)
  A sun demon (Depths:4)
  2 iron trolls (Depths:3)
  23 deep elf knights
  7 pharaoh ants
  5 skysharks
  4 skeletal warriors (WizLab)
  2 shadow wraiths (WizLab)
  4 spectral spark wasps
  2 spark wasp zombies (WizLab)
  2 sun moths (Spider:3)
  5 arcanists
  7 flayed ghosts
  2 death drakes (Depths:3)
  37 deep trolls
  2 spectral wolf spiders (WizLab)
  10 spriggan simulacra
  An obsidian statue (IceCv)
  19 sea snakes
  18 orb spiders
  5 glowing orange brains
  13 lindwurms
  A swamp dragon (Zot:2)
  2 spectral iron dragons (Depths:3)
  A bog body (IceCv)
  28 deep elf zephyrmancers
  11 phantasmal warriors
  3 steelbarb worms
  2 orange crystal statues (Depths:3)
  6 orc knights
  9 deep elf archers
  9 harpies
  34 deep elf pyromancers
  48 ugly things
  16 ironbound convokers
  A stone giant zombie (Vaults:3)
  A wolf spider (shapeshifter) (Depths:4)
  5 necromancers
  2 orc sorcerers
  A shining eye (shapeshifter) (Depths:4)
  18 elephants
  21 wolf spiders
  16 manticores
  16 fauns
  17 moths of wrath
  10 cyclopes
  4 merfolk sirens
  3 titan simulacra (Depths:3)
  3 molten gargoyles (Lair:5)
  7 torpor snails
  6 black mambas
  2 ice statues (D:15)
  4 water nymphs
  21 vault sentinels
  A storm dragon simulacrum (Depths:3)
  8 cane toads
  22 yaktaurs
  3 gargoyles
  2 kobold demonologists (D:10)
  An unseen horror (D:13)
  4 rime drakes
  A rime drake (shapeshifter) (Elf:1)
  Maggie (D:7)
  6 freezing wraiths
  A human zombie (Vaults:3)
  3 spectral glowing shapeshifters (Depths:3)
  16 komodo dragons
  An anaconda simulacrum (IceCv)
  A yaktaur (shapeshifter) (D:13)
  5 ice devils (IceCv)
  2 tengu conjurers
  5 golden dragon simulacra
  9 trolls
  23 merfolk
  7 hornets
  5 wind drakes
  Prince Ribbit (Bailey)
  11 meliai
  19 tarantellas
  A queen bee (Lair:4)
  21 blink frogs
  2 alligator simulacra (IceCv)
  A dream sheep (shapeshifter) (Depths:1)
  16 jumping spiders
  An iron dragon simulacrum (Depths:3)
  9 snapping turtles
  15 culicivoras
  Sigmund (D:4)
  6 spriggans
  30 slime creatures
  7 flying skulls (WizLab)
  A ynoxinul (Depths:4)
  A shadow (D:11)
  34 water elementals
  3 wraiths
  55 yaks
  9 basilisks
  8 wyverns
  2 dire elephant simulacra (IceCv)
  2 fire elementals (Elf:3)
  A basilisk (shapeshifter) (Elf:1)
  11 humans
  12 minotaur simulacra (IceCv)
  7 vampire mosquitoes
  3 steam dragons
  30 redbacks
  3 wargs
  3 acid dragons
  2 harpy simulacra (IceCv)
  A hydra simulacrum (IceCv)
  A glowing shapeshifter skeleton (Vaults:3)
  11 water moccasins
  3 floating eyes
  5 hell hounds (Lair:5)
  A sky beast (D:7)
  24 orc warriors
  3 black bears
  An ettin simulacrum (IceCv)
  6 wolves (Lair:3)
  3 elephant zombies (Lair:3)
  25 ogres
  A boggart (Vaults:2)
  13 centaurs
  2 phantoms
  2 kobold brigands
  19 bullfrogs
  3 earth elementals (Elf:2)
  2 komodo dragon zombies (Lair:3)
  A gnoll sergeant (D:9)
  A human skeleton (Vaults:3)
  3 scorpions
  8 deep troll simulacra (IceCv)
  4 wights (D:8)
  4 lindwurm simulacra (IceCv)
  6 killer bees (Lair:4)
  8 howler monkeys
  12 electric eels
  2 jellies
  5 lava snakes (Lair:5)
  A gnoll bouda (D:9)
  3 hounds
  An iron imp (D:3)
  10 orc priests
  22 orc wizards
  2 sleepcaps
  6 iguanas
  17 gnolls
  10 adders
  3 white imps
  4 ufetubi
  5 dart slugs
  62 orcs
  11 endoplasms
  5 giant cockroaches
  10 goblins
  9 hobgoblins
  3 jackals (D:4)
  4 quokkas
  8 ball pythons
  4 bats
  3 frilled lizards
  11 kobolds
  5 rats
1993 creatures vanquished.

Vanquished Creatures (collateral kills)
  Jorgrun (D:15)
  A boulder beetle (D:15)
  A freezing wraith (D:15)
3 creatures vanquished.

Vanquished Creatures (others)
  Frederick (Vaults:4)
  A golden dragon (Zot:2)
  An eldritch tentacle (Zot:2)
  A vampire mage (WizLab)
  A deep troll (Depths:2)
  2 deep elf archers
  A necromancer (WizLab)
  A deep elf pyromancer (Elf:2)
  A lindwurm (Zot:2)
  A rime drake (Zot:2)
  A freezing wraith (Vaults:5)
  A water elemental (Elf:1)
  A flying skull (WizLab)
  An orc (Orc:1)
  A quokka (Depths:4)
16 creatures vanquished.

Grand Total: 2012 creatures vanquished

Notes
Turn   | Place    | Note
-------+----------+-------------------------------------------
     0 | D:1      | Ahpoh the Barachi Fighter began the quest for the Orb.
     0 | D:1      | Reached XP level 1. HP: 18/18 MP: 1/1
    98 | D:1      | Reached XP level 2. HP: 24/24 MP: 2/2
   294 | D:1      | Reached XP level 3. HP: 30/30 MP: 3/3
   573 | D:2      | Noticed a floating eye
   579 | D:2      | Found a faded altar of an unknown god.
   579 | D:2      | Noticed a shining eye
   580 | D:2      | Noticed an eye of devastation
   581 | D:2      | Noticed an eye of devastation
   644 | D:2      | Reached XP level 4. HP: 37/37 MP: 4/4
   944 | D:2      | Reached skill level 4 in Shields
  1085 | D:3      | Noticed a black bear
  1104 | D:3      | Killed a black bear
  1105 | D:3      | Reached XP level 5. HP: 33/42 MP: 5/5
  1218 | D:3      | Found a snail-covered altar of Cheibriados.
  1230 | D:3      | Reached skill level 1 in Dodging
  1256 | D:3      | Became a worshipper of Cheibriados the Contemplative
  1341 | D:3      | Found Ucaugesi's Book Shop.
  1506 | D:3      | Reached skill level 5 in Long Blades
  1506 | D:3      | Reached XP level 6. HP: 48/48 MP: 6/6
  1576 | D:3      | You fall into a shaft and drop 3 floors!
  1621 | D:5      | Entered Level 5 of the Dungeon
  1756 | D:4      | Reached * piety under Cheibriados
  1757 | D:4      | Reached skill level 5 in Armour
  1866 | D:4      | Reached XP level 7. HP: 46/54 MP: 7/7
  2334 | D:4      | Reached ** piety under Cheibriados
  2342 | D:4      | Found a staircase to the Ecumenical Temple.
  2541 | D:4      | Reached skill level 5 in Shields
  2595 | D:4      | Found an iron altar of Okawaru.
  2693 | D:4      | Identified the +9 flail "Hiefewk" {flame, *Rage rPois rN+++
                  | Will+}
  2838 | D:4      | Noticed Sigmund
  2852 | D:4      | Killed Sigmund
  2853 | D:4      | Reached XP level 8. HP: 61/61 MP: 8/8
  3224 | D:5      | Identified the +5 falchion "Killer Bee's Foe" {heavy, rC+
                  | Dex+6}
  3261 | D:5      | Reached skill level 5 in Fighting
  3482 | D:5      | Reached skill level 6 in Shields
  3556 | D:5      | Reached *** piety under Cheibriados
  4171 | D:6      | Reached skill level 7 in Shields
  4486 | D:7      | Noticed Maggie
  4492 | D:7      | Killed Maggie
  4493 | D:7      | Reached XP level 9. HP: 47/69 MP: 9/9
  4516 | D:7      | Reached **** piety under Cheibriados
  4694 | D:7      | Noticed Jeremiah
  4802 | D:7      | Found a flagged portal.
  4812 | Bailey   | Entered a bailey
  4828 | Bailey   | Reached skill level 8 in Shields
  4861 | Bailey   | Reached skill level 5 in Dodging
  4904 | Bailey   | Reached XP level 10. HP: 77/77 MP: 10/10
  4931 | Bailey   | Noticed a vault guard
  4964 | Bailey   | Killed a vault guard
  4965 | Bailey   | Reached skill level 10 in Long Blades
  5150 | Bailey   | Noticed Prince Ribbit
  5150 | Bailey   | Noticed a vault guard
  5157 | Bailey   | Killed a vault guard
  5157 | Bailey   | Killed Prince Ribbit
  5158 | Bailey   | Reached skill level 9 in Shields
  6015 | D:8      | Reached skill level 1 in Throwing
  6184 | D:8      | Reached XP level 11. HP: 79/85 MP: 11/11
  6211 | D:8      | Reached skill level 10 in Shields
  6539 | D:8      | Reached ***** piety under Cheibriados
  6844 | D:9      | Found Xeval's Book Shoppe.
  7130 | D:9      | Found Foifawen's Book Boutique.
  7304 | D:9      | Found a staircase to the Orcish Mines.
  7851 | D:9      | Found Koniniedamo's Armour Shoppe.
  8011 | D:10     | Entered Level 10 of the Dungeon
  8011 | D:10     | Found a staircase to the Lair.
  8047 | D:9      | Reached skill level 10 in Armour
  8063 | D:10     | Noticed a sun demon
  8170 | D:10     | Reached skill level 11 in Shields
  8346 | D:10     | Found a glowing golden altar of the Shining One.
  8393 | D:10     | Found Tuciry's General Store.
  8408 | D:10     | Bought a scroll of identify for 24 gold pieces
  8688 | D:10     | Noticed a two-headed ogre
  8692 | D:10     | Killed a two-headed ogre
  8693 | D:10     | Reached skill level 1 in Stealth
  9112 | D:11     | Reached XP level 12. HP: 94/94 MP: 12/12
  9602 | D:11     | Noticed Fannar
  9715 | D:11     | Killed Fannar
 10078 | D:12     | Reached ****** piety under Cheibriados
 10088 | D:12     | Noticed a boulder beetle
 10107 | D:12     | Killed a boulder beetle
 10111 | D:12     | Reached skill level 12 in Shields
 10550 | D:12     | Identified the +2 helmet of Heresy {-Cast Str+6}
 10898 | D:13     | Noticed a centaur warrior
 10906 | D:13     | Killed a centaur warrior
 11022 | D:13     | Noticed a boulder beetle
 11034 | D:13     | Killed a boulder beetle
 11119 | D:13     | Noticed a centaur warrior
 11122 | D:13     | Killed a centaur warrior
 11352 | D:13     | Noticed a centaur warrior
 11358 | D:13     | Killed a centaur warrior
 11402 | D:13     | Noticed a centaur warrior
 11515 | D:13     | Killed a centaur warrior
 11536 | D:13     | Gained mutation: You can hop long distances. [Barachi
                  | growth]
 11536 | D:13     | Reached XP level 13. HP: 101/101 MP: 13/13
 11993 | D:14     | Reached skill level 13 in Shields
 12053 | D:14     | Noticed an entropy weaver
 12060 | D:14     | Killed an entropy weaver
 12098 | D:14     | Found a gate to the Vaults.
 12195 | D:14     | Found an opulent altar of Gozag.
 12457 | D:14     | Reached skill level 14 in Shields
 12460 | D:14     | Identified the +7 sling of Qazlal's Benevolence {drain,
                  | *Corrode rN++}
 12963 | D:15     | Identified the of Ysex
 12963 | IceCv    | Identified the of Biudits
 12963 | D:15     | Entered Level 15 of the Dungeon
 12963 | D:15     | Noticed Roxanne
 13059 | D:14     | Reached skill level 10 in Fighting
 13085 | D:15     | Found a shimmering blue altar of Sif Muna.
 13088 | D:15     | Found a frozen archway.
 13178 | IceCv    | Entered an ice cave
 13199 | IceCv    | Reached skill level 15 in Shields
 13288 | IceCv    | Reached XP level 14. HP: 32/110 MP: 14/14
 13938 | IceCv    | Gained mutation: You are dopey. (Int -2) [a neqoxec]
 13941 | IceCv    | Gained mutation: Your magical capacity is low. (-10% MP) [a
                  | neqoxec]
 14243 | IceCv    | Found the +4 skin of Zhor {*Englaciate rC+++ SInv}
 14267 | IceCv    | Noticed an Ice Fiend
 14281 | IceCv    | Killed an Ice Fiend
 14306 | IceCv    | Identified the ring of Angycvar {rN+ Str+6 Dex+6}
 14313 | IceCv    | Identified the staff "Aces" {rCorr Str+6 Dex+3 Conj}
 14416 | IceCv    | Reached skill level 16 in Shields
 15361 | D:15     | Found a runed translucent gate.
 15361 | D:15     | Found a runed translucent gate.
 15361 | D:15     | Found a runed translucent gate.
 15382 | D:15     | Reached skill level 15 in Long Blades
 15485 | D:15     | Killed Roxanne
 15731 | D:15     | Found a staircase to the Depths.
 15947 | D:15     | Noticed Jorgrun
 15956 | D:15     | Noticed Nessos
 15981 | D:15     | Killed Jorgrun
 15982 | D:15     | Reached XP level 15. HP: 80/119 MP: 14/14
 15989 | D:15     | Killed Nessos
 15990 | D:15     | Reached skill level 1 in Evocations
 16312 | WizLab   | Identified the of Paofifolu
 16312 | WizLab   | Identified the "Ripuil"
 16312 | Vaults:2 | Identified the "Zobbei Ufeesm"
 16312 | Vaults:5 | Identified the "Fed Dumm"
 16312 | Vaults:5 | Identified the "Ybegoag"
 16312 | Crypt:3  | Identified the of Hoimmaid
 16312 | Crypt:3  | Identified the "Atukingu"
 16312 | Crypt:3  | Identified the "Koadghil"
 16312 | Crypt:3  | Identified the "Naciy"
 16312 | Depths:1 | Identified the "Coevupi"
 16312 | Depths:1 | Entered Level 1 of the Depths
 16331 | Depths:1 | Reached skill level 17 in Shields
 16332 | Depths:1 | Noticed a fire giant
 16336 | Depths:1 | Noticed a tengu reaver
 16414 | Depths:1 | Found Beotierch's One-of-a-Kind Rings.
 16414 | Depths:1 | Noticed a tentacled monstrosity
 16446 | Depths:1 | Killed a tentacled monstrosity
 16813 | Depths:1 | Noticed a fire giant
 16819 | Depths:1 | Noticed a tengu reaver
 16846 | Depths:2 | Noticed a frost giant
 16852 | Depths:1 | Reached skill level 10 in Dodging
 17240 | Depths:1 | Reached skill level 18 in Shields
 17497 | Orc:1    | Entered Level 1 of the Orcish Mines
 17599 | Orc:1    | Noticed an orc warlord
 17609 | Orc:1    | Killed an orc warlord
 17934 | Orc:2    | Entered Level 2 of the Orcish Mines
 17934 | Orc:2    | Noticed an orc warlord
 17978 | Orc:1    | Killed an orc warlord
 18236 | Orc:2    | Found a staircase to the Elven Halls.
 18340 | Orc:2    | Reached XP level 16. HP: 121/129 MP: 14/14
 18654 | Orc:2    | Reached skill level 19 in Shields
 18713 | Orc:2    | Found Koanir's Book Boutique.
 18713 | Orc:2    | Found Fohimpig's General Store.
 18713 | Orc:2    | Found Pun Tima's General Store.
 18713 | Orc:2    | Found Taaguit's Assorted Antiques.
 19038 | Elf:1    | Entered Level 1 of the Elven Halls
 19096 | Elf:1    | HP: 5/129 [deep elf sorcerer/bolt of acid (40)]
 19966 | Elf:1    | Reached skill level 15 in Armour
 19969 | Elf:1    | Reached skill level 20 in Shields
 20394 | Elf:2    | Noticed Nikola
 20402 | Elf:2    | Reached XP level 17. HP: 122/137 MP: 15/15
 20833 | Lair:1   | Entered Level 1 of the Lair of Beasts
 20957 | Lair:1   | Identified the +5 quarterstaff "String" {elec, Str+2}
 21058 | Lair:1   | Reached skill level 1 in Invocations
 21219 | Lair:1   | Lost mutation: You are dopey. (Int -2) [potion of mutation]
 21219 | Lair:1   | Lost mutation: Your magical capacity is low. (-10% MP)
                  | [potion of mutation]
 21219 | Lair:1   | Gained mutation: You are partially covered in iridescent
                  | scales. (AC +2) [potion of mutation]
 21219 | Lair:1   | Gained mutation: Your muscles are strong. (Str +4, Int/Dex
                  | -1) [potion of mutation]
 22910 | Lair:3   | Found a hole to the Spider Nest.
 23109 | Lair:3   | Reached skill level 5 in Invocations
 23790 | Lair:3   | Found a staircase to the Shoals.
 24227 | Lair:4   | Noticed Forgeling's ghost (journeyman FoFi)
 24332 | Lair:4   | Found a transporter.
 24338 | Lair:4   | Found a transporter.
 24407 | Lair:4   | Killed Forgeling's ghost
 24871 | Lair:5   | Entered Level 5 of the Lair of Beasts
 25357 | Lair:5   | Found a large runed translucent door.
 25357 | Lair:5   | Found a large runed translucent door.
 25718 | Lair:5   | Found a viscous altar of Jiyva.
 25718 | Lair:5   | Found a staircase to the Slime Pits.
 26146 | Lair:5   | Lost mutation: Your muscles are strong. (Str +4, Int/Dex
                  | -1) [potion of mutation]
 26146 | Lair:5   | Lost mutation: You are partially covered in iridescent
                  | scales. (AC +2) [potion of mutation]
 26146 | Lair:5   | Gained mutation: You are weak. (Str -2) [potion of
                  | mutation]
 26147 | Lair:5   | Lost mutation: You are weak. (Str -2) [potion of mutation]
 26147 | Lair:5   | Gained mutation: Your body sometimes deteriorates upon
                  | taking damage. [potion of mutation]
 26148 | Lair:5   | Lost mutation: Your body sometimes deteriorates upon taking
                  | damage. [potion of mutation]
 26148 | Lair:5   | Gained mutation: You occasionally lose the ability to read
                  | scrolls when taking damage. [potion of mutation]
 26148 | Lair:5   | Gained mutation: You are strong-willed. (Will+) [potion of
                  | mutation]
 26149 | Lair:5   | Lost mutation: You occasionally lose the ability to read
                  | scrolls when taking damage. [potion of mutation]
 26149 | Lair:5   | Lost mutation: You are strong-willed. (Will+) [potion of
                  | mutation]
 26149 | Lair:5   | Gained mutation: You are dopey. (Int -2) [potion of
                  | mutation]
 26149 | Lair:5   | Gained mutation: You are resistant to electric shocks.
                  | (rElec) [potion of mutation]
 26149 | Lair:5   | Gained mutation: Your system is resistant to poisons.
                  | (rPois) [potion of mutation]
 26674 | Spider:1 | Entered Level 1 of the Spider Nest
 27001 | Spider:1 | Reached skill level 10 in Invocations
 27631 | Spider:2 | Reached XP level 18. HP: 143/143 MP: 25/25
 28927 | Spider:3 | Noticed Arachne
 28942 | Spider:3 | Killed Arachne
 29825 | Spider:4 | Entered Level 4 of the Spider Nest
 29997 | Spider:4 | Noticed Asterion
 30037 | Spider:3 | Killed Asterion
 30299 | Spider:4 | Reached skill level 21 in Shields
 30853 | Spider:4 | Upgraded the game from 0.31-a0-920-g28cbb04a8c to
                  | 0.31-a0-925-g0a390f2509
 31273 | Spider:4 | Reached XP level 19. HP: 110/151 MP: 19/27
 31398 | Spider:4 | Identified the +2 pair of gloves of Xoqubb {rCorr Str+3}
 31414 | Spider:4 | Got a gossamer rune of Zot
 31502 | Spider:4 | Identified the +3 falchion "Lodir" {drain, rF+ rC+}
 31820 | Shoals:1 | Entered Level 1 of the Shoals
 31905 | Shoals:1 | Noticed Louise
 31929 | Shoals:1 | Killed Louise
 32797 | Shoals:2 | Reached skill level 22 in Shields
 32862 | Shoals:2 | Found Foneemau's Jewellery Shoppe.
 32865 | Shoals:2 | Bought the amulet of Kiwuoz {Reflect rPois SH+5} for 659
                  | gold pieces
 33026 | Shoals:2 | Reached skill level 5 in Evocations
 33680 | Shoals:3 | Found a large runed translucent door.
 33680 | Shoals:3 | Found a large runed translucent door.
 33684 | Shoals:3 | Noticed Meic's ghost (adept MiFi)
 33720 | Shoals:3 | Killed Meic's ghost
 33797 | Shoals:3 | Reached skill level 5 in Throwing
 33885 | Shoals:3 | Found Pomyl's Vocational Training.
 34443 | Shoals:4 | Entered Level 4 of the Shoals
 34900 | Shoals:4 | Noticed Mara
 34901 | Shoals:4 | Noticed Ahpoh's illusion
 35008 | Shoals:4 | Noticed Ahpoh's illusion
 35110 | Shoals:4 | Noticed Ahpoh's illusion
 35113 | Shoals:4 | Noticed Ahpoh's illusion
 35123 | Shoals:4 | Killed Mara
 35232 | Shoals:4 | Got a barnacled rune of Zot
 35338 | Shoals:4 | Identified the ring "Lesuq" {Wiz Fly}
 35421 | Shoals:4 | Identified the +5 war axe "Xuops" {heavy, Drain Str+6}
 35608 | Shoals:4 | Noticed Polyphemus
 35639 | Shoals:4 | Reached XP level 20. HP: 128/160 MP: 28/28
 35647 | Shoals:3 | Killed Polyphemus
 35832 | Shoals:4 | Reached skill level 23 in Shields
 36449 | Elf:1    | Killed Nikola
 36719 | Elf:2    | Found a runed translucent gate.
 36720 | Elf:2    | Found a runed translucent gate.
 36720 | Elf:2    | Found a runed translucent gate.
 36790 | Elf:2    | Found a runed translucent door.
 36791 | Elf:2    | Found a shimmering altar of Xom.
 36791 | Elf:2    | Noticed D12ThenQuit's ghost (adept OpFi)
 36822 | Elf:2    | Killed D12ThenQuit's ghost
 37049 | Elf:2    | Found Acsin's Antique Weapon Shop.
 37664 | Elf:3    | Entered Level 3 of the Elven Halls
 38126 | Elf:3    | Identified the ring "Poophira" {Dex+5 SInv}
 38442 | Elf:3    | Identified the +12 dagger of the Nine Suns {heavy, rElec
                  | rPois rCorr Str-5}
 38763 | Elf:3    | Identified the ring of Xobetej {rN+ Int+3 Dex+6}
 38846 | Elf:3    | Reached skill level 24 in Shields
 39431 | Elf:3    | Identified the +1 pair of gloves "Ricvoech" {SInv}
 39497 | Elf:3    | Identified the +2 helmet of Tuhiwk {Fly SInv}
 40376 | Depths:1 | Reached skill level 15 in Fighting
 40376 | Depths:1 | Reached XP level 21. HP: 168/168 MP: 29/29
 41047 | Depths:1 | Found a gateway to Hell.
 41277 | Depths:1 | Found Nydd's Jewellery Emporium.
 41277 | Depths:1 | Found Socygenu's Book Shop.
 41278 | Depths:1 | Found Qoghag's Book Shop.
 42560 | Depths:2 | Noticed a golden dragon
 42595 | Depths:2 | Killed a golden dragon
 42910 | Depths:2 | Found a one-way gate leading to the halls of Pandemonium.
 43333 | Depths:3 | Paralysed by a floating eye for 2 turns
 43846 | Depths:3 | Lost mutation: Your system is resistant to poisons. (rPois)
                  | [potion of mutation]
 43846 | Depths:3 | Lost mutation: You are dopey. (Int -2) [potion of mutation]
 43846 | Depths:3 | Lost mutation: You are resistant to electric shocks.
                  | (rElec) [potion of mutation]
 43846 | Depths:3 | Gained mutation: You have a pair of small antennae on your
                  | head. [potion of mutation]
 43846 | Depths:3 | Gained mutation: You are partially covered in iridescent
                  | scales. (AC +2) [potion of mutation]
 43846 | Depths:3 | Gained mutation: You have hidden genetic potential. [potion
                  | of mutation]
 43847 | Depths:3 | Lost mutation: You have hidden genetic potential. [potion
                  | of mutation]
 43847 | Depths:3 | Lost mutation: You are partially covered in iridescent
                  | scales. (AC +2) [potion of mutation]
 43847 | Depths:3 | Lost mutation: You have a pair of small antennae on your
                  | head. [potion of mutation]
 43847 | Depths:3 | Gained mutation: You have hidden genetic potential. [potion
                  | of mutation]
 43847 | Depths:3 | Gained mutation: Your system is resistant to poisons.
                  | (rPois) [potion of mutation]
 43939 | Depths:3 | Reached skill level 25 in Shields
 43987 | Depths:3 | Paralysed by a vampire knight for 3 turns
 44100 | Depths:3 | Reached XP level 22. HP: 123/176 MP: 31/31
 44308 | Depths:3 | Paralysed by a floating eye for 4 turns
 44322 | Depths:3 | Found a one-way gateway to a ziggurat.
 44767 | Depths:3 | Found a one-way gate to the infinite horrors of the Abyss.
 44908 | Depths:3 | Noticed Vv
 45496 | Depths:3 | Killed Vv
 45554 | Depths:3 | Identified the +0 leather armour "Besih" {Str+3}
 46610 | Depths:3 | Identified the +4 sling of Discord {freeze, Str+3}
 46882 | Depths:4 | Entered Level 4 of the Depths
 46912 | Depths:4 | Noticed a golden dragon
 46945 | Depths:3 | Killed a golden dragon
 47115 | Depths:4 | Noticed a caustic shrike
 47119 | Depths:4 | Noticed a caustic shrike
 47119 | Depths:4 | Noticed a caustic shrike
 47121 | Depths:4 | Noticed a caustic shrike
 47131 | Depths:4 | Killed a caustic shrike
 47137 | Depths:4 | Killed a caustic shrike
 47154 | Depths:4 | Killed a caustic shrike
 47155 | Depths:4 | Reached skill level 26 in Shields
 47163 | Depths:4 | Killed a caustic shrike
 47164 | Depths:4 | Gained mutation: You possess an exceptional clarity of
                  | mind. [hidden potential]
 47301 | Depths:4 | Noticed a caustic shrike
 47303 | Depths:4 | Noticed a caustic shrike
 47303 | Depths:4 | Noticed a caustic shrike
 47308 | Depths:4 | Killed a caustic shrike
 47311 | Depths:4 | Noticed a caustic shrike
 47323 | Depths:4 | Killed a caustic shrike
 47329 | Depths:4 | Killed a caustic shrike
 47575 | Depths:4 | Found a gate to the Realm of Zot.
 47601 | Depths:4 | Killed a caustic shrike
 47808 | Depths:4 | Reached XP level 23. HP: 145/184 MP: 32/32
 48001 | Depths:4 | Found a white marble altar of Elyvilon.
 48510 | Vaults:1 | Entered Level 1 of the Vaults
 48515 | Vaults:1 | Identified the +2 pair of gloves of Zinuahaq {Dex+2}
 48710 | Vaults:1 | Found a magical portal.
 48715 | WizLab   | Entered Borgnjor's Mausoleum
 49808 | Vaults:1 | Found Roggig's Distillery.
 49908 | Vaults:1 | Identified the +6 ring mail "Hest" {rElec}
 50514 | Vaults:2 | Reached skill level 10 in Evocations
 50540 | Vaults:2 | Reached skill level 27 in Shields
 50717 | Vaults:2 | Gained mutation: You have a pair of small horns on your
                  | head. [hidden potential]
 50717 | Vaults:2 | Lost mutation: You have hidden genetic potential. [hidden
                  | potential expressed]
 50758 | Vaults:2 | Lost mutation: You have a pair of small horns on your head.
                  | [potion of mutation]
 50758 | Vaults:2 | Lost mutation: Your system is resistant to poisons. (rPois)
                  | [potion of mutation]
 50758 | Vaults:2 | Lost mutation: You possess an exceptional clarity of mind.
                  | [potion of mutation]
 50758 | Vaults:2 | Gained mutation: You are frail. (-10% HP) [potion of
                  | mutation]
 50758 | Vaults:2 | Gained mutation: You are occasionally teleported next to
                  | monsters. [potion of mutation]
 50758 | Vaults:2 | Gained mutation: You possess an exceptional clarity of
                  | mind. [potion of mutation]
 50759 | Vaults:2 | Lost mutation: You possess an exceptional clarity of mind.
                  | [potion of mutation]
 50759 | Vaults:2 | Lost mutation: You are frail. (-10% HP) [potion of
                  | mutation]
 50759 | Vaults:2 | Gained mutation: You are frail. (-10% HP) [potion of
                  | mutation]
 50759 | Vaults:2 | Gained mutation: You are clumsy. (Dex -2) [potion of
                  | mutation]
 50759 | Vaults:2 | Gained mutation: You have supernaturally acute eyesight.
                  | (SInv) [potion of mutation]
 50759 | Vaults:2 | Gained mutation: You have a pair of small horns on your
                  | head. [potion of mutation]
 50872 | Vaults:1 | Bought a potion of mutation for 144 gold pieces
 50872 | Vaults:1 | Lost mutation: You have a pair of small horns on your head.
                  | [potion of mutation]
 50872 | Vaults:1 | Lost mutation: You have supernaturally acute eyesight.
                  | (SInv) [potion of mutation]
 50872 | Vaults:1 | Lost mutation: You are frail. (-10% HP) [potion of
                  | mutation]
 50872 | Vaults:1 | Gained mutation: You have an increased reservoir of magic.
                  | (+10% MP) [potion of mutation]
 51839 | Vaults:2 | Reached XP level 24. HP: 195/195 MP: 32/36
 52002 | Vaults:3 | Paralysed by a great orb of eyes for 4 turns
 52407 | Vaults:3 | Noticed Saint Roka
 52450 | Vaults:3 | Killed Saint Roka
 52804 | Vaults:3 | Identified the ring of Viojysif {+Blink rCorr MP+9 Dex-4
                  | Slay+3}
 52804 | Vaults:3 | Noticed tabstorm's ghost (adept DrIE)
 52805 | Vaults:3 | Found a transporter.
 52818 | Vaults:3 | Found a transporter.
 52828 | Vaults:3 | Reached skill level 15 in Dodging
 52890 | Vaults:3 | Noticed Boris
 52907 | Vaults:3 | Killed Boris
 53502 | Vaults:3 | Found a staircase to the Crypt.
 53581 | Vaults:3 | Upgraded the game from 0.31-a0-925-g0a390f2509 to
                  | 0.31-a0-931-g7b59d4eb97
 53725 | Vaults:3 | Found Ocuudef's General Store.
 53808 | Vaults:3 | Paralysed by an arcanist for 2 turns
 53836 | Vaults:4 | Found Jubu's Jewellery Boutique.
 53873 | Vaults:4 | Found Lastosh's Magic Scroll Boutique.
 53873 | Vaults:4 | Noticed Norris
 53896 | Vaults:4 | Killed Norris
 53918 | Vaults:4 | Bought a scroll of enchant armour for 142 gold pieces
 53918 | Vaults:4 | Bought a scroll of blinking for 142 gold pieces
 53918 | Vaults:4 | Bought a scroll of teleportation for 57 gold pieces
 53918 | Vaults:4 | Bought a scroll of teleportation for 57 gold pieces
 54178 | Vaults:4 | Noticed Boris
 54187 | Vaults:4 | Killed Boris
 54232 | Vaults:4 | Found Pyippor's Antique Armour Shop.
 54333 | Vaults:4 | Found Yjisebagiy's Antique Weapon Boutique.
 54373 | Vaults:4 | Found Kuuklebi's Jewellery Shoppe.
 54373 | Vaults:4 | Noticed Aizul
 54389 | Vaults:4 | Killed Aizul
 54725 | Vaults:4 | Noticed Frederick
 54735 | Vaults:4 | Killed Frederick
 55245 | Vaults:5 | Entered Level 5 of the Vaults
 55268 | Vaults:5 | Reached XP level 25. HP: 152/206 MP: 29/36
 55388 | Vaults:5 | Noticed a dread lich
 55398 | Vaults:5 | Killed a dread lich
 55464 | Vaults:5 | Identified the +3 eveningstar of Midsummer {freeze, Drain
                  | rN+ Will+}
 56548 | Vaults:5 | Noticed an ancient lich
 56557 | Vaults:5 | Killed an ancient lich
 57085 | Vaults:5 | Got a silver rune of Zot
 57367 | Zot:1    | Entered Level 1 of the Realm of Zot
 58698 | Zot:1    | Reached XP level 26. HP: 203/219 MP: 37/37
 60371 | Zot:2    | Identified the +9 war axe "Ippua" {flame, rCorr Str+3}
 60377 | Zot:2    | Identified the ring of Ytowarph {rElec Str+6 Dex+4}
 60693 | Zot:2    | Killed from afar by a red draconian scorcher

Illustrated notes

Levels and vault maps discovered:
D:1:      onia_arrival_pyramid, layout_rooms, minmay_tromino_v4_a
D:2:      layout_rooms, hellmonk_ecumenical_altar_watching_god
D:3:      minmay_door_path, layout_basic, slow_altar_1, serial_shops,
          nicolae_shop_rolling_square, minmay_circle_x
D:4:      layout_gridville, lemuel_tele_altar, minmay_temple_entry_junction,
          uniq_sigmund
D:5:      layout_rooms, minmay_strange_pillars
D:6:      layout_basic, serial_glass, glass_columns_c, glass_columns_b
D:7:      layout_loops_ring, enter_bailey_8, uniq_jeremiah, uniq_maggie
D:8:      layout_cave_pools, minmay_ruffians
D:9:      layout_basic, serial_shops, shop, nicolae_shop_pleasant_corner_grove,
          shop
D:10:     layout_basic, lemuel_doored_altar, david_lair_generic, serial_shops,
          nicolae_shop_statue_plus
D:11:     layout_grid_maze, uniq_fannar
D:12:     layout_basic, minmay_misc_feat_diagonals
D:13:     layout_basic
D:14:     layout_loops_corners, hellmonk_vaults_order_and_chaos,
          nicolae_gozag_cash_rules_everything_around_me
D:15:     hellmonk_depths_entry_around_the_bend, layout_cross,
          minmay_misc_feat_columns, serial_column_ruins,
          column_ruins_circle_small, column_ruins_grid_4,
          column_ruins_open_medium, column_ruins_corridor_corner,
          column_ruins_open_tiny, column_ruins_corridor_corner,
          ploomutoo_gammafunk_ghost_potion_laboratory,
          portal_ice_cave_entry_ice_statue_two, led_sif_book, uniq_nessos,
          uniq_roxanne, uniq_jorgrun
Lair:1:   layout_small_grid, wad_woods_06
Lair:2:   layout_big_grid, dreamdust_deal_with_the_devil, lemuel_old_faithful
Lair:3:   pond_and_an_island_with_a_cottage, layout_loops_ring,
          elwin_shoals_entry_rocks, nicolae_spider_entry_tight_spaces
Lair:4:   layout_gridlike, gammafunk_ghost_hive, grunt_megastairs_3
Lair:5:   cheibrodos_lair_end_hotspot, layout_misc_corridors,
          dpeg_slime_entry_enclosed
Shoals:1: layout_shoals, uniq_louise
Shoals:2: layout_shoals, serial_shops, nicolae_shop_behind_doors
Shoals:3: layout_shoals, ebering_ghost_disaster_area, nicolae_shop_vocational
Shoals:4: shoals_end_grunt_ice, layout_shoals, uniq_polyphemus, uniq_mara
Spider:1: layout_cave_pods, einodemon_crawler_minivault
Spider:2: layout_cave_pods, hellmonk_spider_spawner
Spider:3: layout_cave_pods, uniq_arachne
Spider:4: grunt_spider_rune_island, uniq_asterion
Orc:1:    layout_caves
Orc:2:    st_orc_ogre_mass, layout_diamond_mine
Elf:1:    nicolae_elf_arrival_fired_up, layout_geoelf_octagon, minivault_28,
          drop_trap, st_stairs_9
Elf:2:    nicolae_elf_blades_crystal_corner, layout_geoelf_octagon,
          serial_shops, nicolae_shop_window_shopping, ebering_ghost_xom,
          nicolae_elf_stair_hall, uniq_nikola
Elf:3:    minmay_elf_hall_not_hex, layout_geoelf_diagonals, grunt_megastairs_4
Vaults:1: mu_enter_wizlab_1, v_misc_16, vaults_mumra_lcd,
          nicolae_vaults_tetromino_L_1, hangedman_vaults_nails,
          nicolae_vaults_corridor_and_loot_room, ontoclasm_vaults_twist,
          layout_vaults_big_room, serial_shops, nicolae_shop_industrial_runoff
Vaults:2: nicolae_vaults_big_ls, vaults_room_stairs_pillars,
          nicolae_vaults_house_2, hangedman_vaults_cutoff,
          nicolae_vaults_closet_pinwheel_2, nicolae_vaults_turnstiles,
          hangedman_vaults_stretched_pinwheel, vaults_dpeg_hooks,
          nicolae_vaults_tetromino_T_1, v_rooms_6,
          nicolae_vaults_shipping_containers_7, v_pattern_3, v_misc_19,
          nicolae_vaults_angled_halls, layout_vaults_omnibox
Vaults:3: gammafunk_ghost_arena, v_pattern_5, ontoclasm_vaults_bender,
          minmay_crypt_entry_nasty_monster, ontoclasm_vaults_ring_small,
          vaults_dpeg_emergency_exit, hangedman_vaults_nodes,
          ontoclasm_vaults_shuriken, nicolae_vaults_variable_pillar_hall,
          ontoclasm_vaults_hangar, hangedman_vaults_variations,
          vaults_mumra_minichess_inversion, nicolae_vaults_little_squares_4,
          nicolae_vaults_yaktaur_gun_rack, nicolae_vaults_rhombus_6,
          nicolae_vaults_alarming, layout_vaults_omnicross, serial_shops,
          nicolae_shop_just_a_little_nook, uniq_boris, uniq_saint_roka
Vaults:4: hangedman_vaults_cutoff, v_misc_26, v_misc_1,
          nicolae_vaults_mini_display_case, v_misc_29, grunt_vaults_funnel,
          nicolae_vaults_tetromino_T_2, nicolae_vaults_double_plus_1,
          layout_vaults_omnigrid, serial_shops, shop, nicolae_shop_behind_doors,
          nicolae_shop_gaudy_bauble, nicolae_shop_peninsula,
          nicolae_shop_hallway_plus, uniq_aizul, uniq_norris, uniq_frederick
Vaults:5: serial_shops
Depths:1: layout_gridlike, serial_bayou, serial_bayou_crossing,
          serial_bayou_pond_b, serial_bayou_ford_a, serial_bayou_shore_a,
          hangedman_decor_opposing, pf_hell_entry_great_geh,
          nicolae_shop_unique_rings, minmay_shop_grove
Depths:2: minmay_bloctagon, layout_cave_pools, pan_entry,
          chequers_serial_rivers_micro_d, hell_entry, hex_large
Depths:3: lemuel_river_lethe, serial_shops, abyss_entry, hell_entry, uniq_vv
Depths:4: evilmike_zot_entry_diamond, layout_gridlike,
          hangedman_decor_slide_cut, hell_entry, abyss_entry_small_statue_room,
          rand_demon_pan_entry_5, elyvilon_altar_4
Zot:1:    layout_gridlike, bh_zot_levy_curve, hangedman_zot_wheel_spokes,
          grunt_megastairs_5
Zot:2:    lemuel_draconian_sentries_small, layout_gridlike,
          st_large_dragon_hoard_3

Skill      XL: |  1  2  3  4  5  6  7  8  9 10 11 12 13 14 15 16 17 18 19 20 21 22 23 24 25 26 |
---------------+-------------------------------------------------------------------------------+-----
Long Blades    | 3 4 5 6 7 8 9 10 12 13 14 15 16 17 18 19 21 22 | 22.5
Armour         | 4 5 6 7 9 10 11 12 13 14 15 16 17 18 19 20 | 20.1
Shields        | 4 5 7 8 9 11 12 15 16 18 20 21 22 24 25 26 27 | 27.0
Dodging        | 2 3 4 5 6 7 8 9 10 11 12 13 14 15 16 | 16.3
Fighting       | 4 5 6 7 8 9 10 11 12 13 14 15 16 17 18 20 | 20.9
Throwing       | 1 2 3 4 5 6 7 |  7.3
Stealth        | 1 |  1.7
Evocations     | 1 2 4 6 7 8 9 10 11 12 | 12.8
Invocations    | 10 11 12 13 14 | 14.9
Conjurations   | |  0.1
Transmutations | |  0.4
Air Magic      | |  0.2
Poison Magic   | |  0.3

Action                     |  1- 3 |  4- 6 |  7- 9 | 10-12 | 13-15 | 16-18 | 19-21 | 22-24 | 25-27 || total
---------------------------+-------+-------+-------+-------+-------+-------+-------+-------+-------++-------
  Melee: Long sword        |   110 |   104 |    92 |       |    30 |    18 |       |       |       ||   354
         Falchion          |       |       |   160 |   430 |   861 |  1434 |  1478 |  1684 |   836 ||  6883
         Unarmed           |       |       |       |       |       |       |     2 |       |       ||     2
         Headbutt          |       |       |       |       |       |       |       |    18 |       ||    18
  Throw: Dart              |       |     8 |     1 |       |     1 |       |    45 |    43 |    16 ||   114
         Boomerang         |       |       |       |    47 |    37 |   139 |   186 |    19 |     8 ||   436
 Invoke: Bend Time         |       |       |     3 |     3 |     5 |     4 |     3 |     2 |     3 ||    23
         Slouch            |       |       |       |     1 |     5 |     6 |    15 |    17 |     5 ||    49
         Temporal Distorti |       |       |       |       |       |     1 |       |       |       ||     1
         Step From Time    |       |       |       |       |       |       |     1 |     1 |     2 ||     4
Ability: Hop               |       |     1 |     2 |     9 |    14 |    14 |    15 |    12 |     5 ||    72
  Evoke: Wand              |       |       |       |     9 |     9 |       |     9 |     3 |     3 ||    33
         Phial of floods   |       |       |       |       |       |     1 |       |       |       ||     1
         Tin of tremorston |       |       |       |       |       |       |     4 |     3 |       ||     7
    Use: Scroll            |     6 |     3 |     2 |    18 |    14 |    13 |    10 |    14 |     7 ||    87
         Potion            |       |     2 |     2 |     3 |    13 |     9 |     5 |    12 |     7 ||    53
   Stab: Petrified         |       |       |       |       |       |     3 |     4 |       |       ||     7
         Petrifying        |       |       |       |       |       |     1 |       |       |       ||     1
         Invisible         |       |       |       |       |       |       |       |     1 |       ||     1
         Distracted        |       |       |       |       |       |       |       |       |     1 ||     1
 Armour: Scale mail        |    57 |     2 |       |       |       |       |       |       |       ||    59
         Chain mail        |       |    50 |    93 |   150 |    18 |       |       |       |       ||   311
         Skin              |       |     5 |     7 |     4 |       |       |     8 |     1 |       ||    25
         Plate armour      |       |       |       |       |   235 |   512 |   456 |   348 |   246 ||  1797
  Dodge: Dodged            |    44 |    42 |   107 |   228 |   377 |   992 |   961 |   806 |   607 ||  4164
         Repelled          |       |       |       |       |       |       |    16 |    25 |    26 ||    67
  Block: Buckler           |    64 |    38 |       |       |       |       |       |       |       ||   102
         Reflection        |     1 |     2 |     4 |    61 |    33 |    50 |   174 |    88 |    55 ||   468
         Kite shield       |       |    29 |   258 |   457 |   366 |       |       |       |       ||  1110
         Tower shield      |       |       |       |       |   609 |  2464 |  2675 |  2668 |  1441 ||  9857
         Other             |       |       |       |       |       |       |     7 |       |       ||     7

Table legend: (Time is in decaauts)
 A = Elapsed time spent in this place.
 B = Non-inter-level travel time spent in this place.
 C = Inter-level travel time spent in this place.
 D = Time resting spent in this place.
 E = Time spent auto-exploring this place.
 F = Levels seen in this place.
 G = Mean time per level.
                   A        B        C        D        E       F      G
               +--------+--------+--------+--------+--------+-----+--------+
         Total | 103749 |  97332 |   6417 |  10266 |  57457 |  47 | 2207.4 |
       Dungeon |  26210 |  24195 |   2015 |   1581 |  15489 |  15 | 1747.3 |
          Lair |  12183 |  10852 |   1331 |    111 |   7771 |   5 | 2436.6 |
        Shoals |   8127 |   7859 |    268 |    358 |   4961 |   4 | 2031.8 |
   Spider Nest |   9015 |   8809 |    206 |   1113 |   5520 |   4 | 2253.8 |
  Orcish Mines |   3686 |   3303 |    383 |    710 |   1831 |   2 | 1843.0 |
   Elven Halls |   8129 |   7483 |    646 |    851 |   4001 |   3 | 2709.7 |
        Vaults |  13727 |  13133 |    594 |    749 |   8603 |   5 | 2745.4 |
        Depths |  14140 |  13228 |    912 |   2672 |   5696 |   4 | 3535.0 |
           Zot |   4473 |   4414 |     59 |    998 |   2236 |   2 | 2236.5 |
        Bailey |    560 |    560 |      0 |    182 |      0 |   1 |  560.0 |
      Ice Cave |   2176 |   2176 |      0 |    580 |    987 |   1 | 2176.0 |
        Wizlab |   1319 |   1319 |      0 |    359 |    358 |   1 | 1319.0 |
               +--------+--------+--------+--------+--------+-----+--------+

Top non-repeatable levels by time:
Depths:3: 4538 daAuts
Depths:1: 4178 daAuts
   Elf:3: 3633 daAuts
Vaults:4: 3500 daAuts
  Lair:5: 3308 daAuts
    D:15: 3300 daAuts
Depths:4: 3261 daAuts
Vaults:3: 3140 daAuts
    D:14: 2893 daAuts
  Lair:1: 2870 daAuts
Vaults:2: 2739 daAuts
   Zot:1: 2697 daAuts
   Orc:2: 2526 daAuts
Spider:3: 2469 daAuts
   Elf:1: 2369 daAuts
